 Dungeon Crawl Stone Soup version 0.30-a0-881-g1ff12e1e11 (webtiles) character file.

Game seed: 5010217039486904463

60 Parcival the Chopper (level 3, -1/30 HPs)
             Began as a Minotaur Gladiator on Mar 14, 2023.
             Slain by an ice beast (3 damage)
             ... on level 3 of the Dungeon.
             The game lasted 00:04:49 (2117 turns).

Parcival the Chopper (Minotaur Gladiator)           Turns: 2117, Time: 00:04:49

Health: -1/30      AC:  7    Str: 23 (26) XL:     3   Next: 80%
Magic:  2/2        EV:  8    Int: 10 (11) God:
Gold:   78         SH:  0    Dex:  8 (11) Spells: 2/2 levels left

rFire   . . .      SeeInvis .    q - +2 short sword (venom)
rCold   . . .      Faith    .    (no shield)
rNeg    . . .      Spirit   .    p - +0 ring mail
rPois   .          Reflect  .    c - +1 hat
rElec   .          Rampage  .    (no cloak)
rCorr   .                        h - +0 pair of gloves
Will    .....                    (no boots) Stlth
                                 (no amulet)
HPRegen 0.25/turn                f - +6 ring of strength
MPRegen 0.08/turn                m - +6 ring of intelligence

@: brilliant, constricted
A: horns 2, retaliatory headbutt
a: no special abilities


You were on level 3 of the Dungeon.
You visited 1 branch of the dungeon, and saw 3 of its levels.

You collected 78 gold pieces.

Inventory:

Hand Weapons
 a - a +1 war axe
 q - a +2 short sword of venom (weapon)
Missiles
 d - 3 throwing nets (quivered)
 e - 4 javelins
Armour
 b - a +0 leather armour
 c - a +1 hat (worn)
 h - a +0 pair of gloves (worn)
 p - a +0 ring mail (worn)
Jewellery
 f - a +6 ring of strength (left hand)
 m - a +6 ring of intelligence (right hand)
Scrolls
 g - a scroll of identify
 i - 3 scrolls of vulnerability
 j - a scroll of amnesia
 l - a scroll of noise
Potions
 k - a potion of degeneration
 o - a potion of curing {unknown}


   Skills:
 + Level 2.7 Fighting
 + Level 0.1 Short Blades
 + Level 4.4 Axes
 + Level 2.0 Throwing
 + Level 1.3 Armour
 + Level 4.1 Dodging


You had 2 spell levels left.
You didn't know any spells.
Your spell library was empty.

Dungeon Overview and Level Annotations

Branches:
Dungeon (3/15)

Altars:


Innate Abilities, Weirdness & Mutations

You have a pair of horns on your head.
You reflexively headbutt those who attack you in melee.


Message History

You see here a jackal corpse.
The jackal barely misses you.
You closely miss the ice beast. The jackal barely misses you.
The ball python closely misses you. The ball python barely misses you.
The jackal barely misses you.
The ice beast hits you but does no damage.
You closely miss the ice beast.
The ball python bites you but does no damage.
The ball python grabs you. The ball python constricts you.
The jackal barely misses you. The ice beast hits you.
The ice beast freezes you!
* * * LOW HITPOINT WARNING * * *
You hit the ice beast.
You headbutt the ice beast, but do no damage.
The ice beast is lightly wounded.
The ball python barely misses you. The ball python constricts you.
The jackal barely misses you. The ice beast closely misses you.
The ball python bites you but does no damage.
The ball python constricts you.
The jackal bites you but does no damage.
It was a potion of degeneration.
There was something very wrong with that liquid.
You feel weakened.
You feel dopey.
You feel clumsy. The jackal completely misses you. You furiously retaliate!
You headbutt the jackal!
You kill the jackal!
The ball python closely misses you. The ball python constricts you.
The ice beast hits you but does no damage.
You barely miss the ice beast.
The ice beast is lightly wounded.
The ball python closely misses you. The ball python constricts you.
The ice beast hits you.
* * * LOW HITPOINT WARNING * * *
The ice beast freezes you.
* * * LOW HITPOINT WARNING * * *
It was a potion of brilliance.
You feel clever all of a sudden.
The ball python bites you but does no damage.
The ball python constricts you. The ice beast hits you.
You die...

# .#
##########.#
#......<...#
#.......Y###
#.....†S@#
#........#
#........#
#........#
#.....:..#
##########


You could see an ice beast and a ball python.

Vanquished Creatures
  2 worms (D:2)
  A dart slug (D:1)
  6 ball pythons
  4 endoplasms
  3 giant cockroaches
  8 goblins
  A hobgoblin (D:1)
  4 jackals (D:3)
  8 kobolds
  A quokka (D:2)
  3 bats
  A frilled lizard (D:2)
  5 rats
47 creatures vanquished.

Vanquished Creatures (others)
  8 plants (D:2)
8 creatures vanquished.

Grand Total: 55 creatures vanquished

Notes
Turn   | Place    | Note
-------+----------+-------------------------------------------
     0 | D:1      | Parcival the Minotaur Gladiator began the quest for the
                  | Orb.
     0 | D:1      | Reached XP level 1. HP: 18/18 MP: 0/0
   108 | D:1      | Reached XP level 2. HP: 19/25 MP: 1/1
   875 | D:2      | Reached XP level 3. HP: 22/30 MP: 2/2
  1251 | D:2      | You fall into a shaft and drop 1 floor!
  1431 | D:2      | Reached skill level 1 in Armour
  2109 | D:3      | Noticed an ice beast
  2117 | D:3      | Slain by an ice beast

Illustrated notes

Levels and vault maps discovered:
D:1:      lightli_arrival_windingriver, layout_basic, st_stairs_1
D:2:      layout_basic, kennysheep_another_room, lexackson_kobold_supper
D:3:      layout_basic, hangedman_feature_mirror, serial_bayou_lagoon_a,
          bh_walls_and_bars

Skill      XL: |  1  2  3 |
---------------+----------+-----
Axes           | 4 |  4.4
Dodging        | 4 |  4.1
Armour         | 1 |  1.3
Fighting       | |  2.7
Short Blades   | |  0.1
Throwing       | |  2.0

Action                     || total
---------------------------++-------
  Melee: War axe           ||    63
         Headbutt          ||    11
         Short sword       ||    14
    Use: Scroll            ||     5
         Potion            ||     2
 Armour: Leather armour    ||    24
         Ring mail         ||    17
  Dodge: Dodged            ||   106

Table legend: (Time is in decaauts)
 A = Elapsed time spent in this place.
 B = Non-inter-level travel time spent in this place.
 C = Inter-level travel time spent in this place.
 D = Time resting spent in this place.
 E = Time spent auto-exploring this place.
 F = Levels seen in this place.
 G = Mean time per level.
                   A        B        C        D        E       F      G
               +--------+--------+--------+--------+--------+-----+--------+
         Total |   2136 |   1950 |    186 |      0 |   1559 |   3 |  712.0 |
       Dungeon |   2136 |   1950 |    186 |      0 |   1559 |   3 |  712.0 |
               +--------+--------+--------+--------+--------+-----+--------+

Top non-repeatable levels by time:
     D:2: 1225 daAuts
     D:1: 866 daAuts
     D:3: 44 daAuts
